 Dungeon Crawl Stone Soup version 0.31-a0-167-g1c394c0614 (webtiles) character file.

Game seed: 13696803863774202320

84 Moral the Caller (level 4, -7/32 HPs)
             Began as a Merfolk Summoner on June 15, 2023.
             Mangled by an orc
             ... wielding a +0 flail
              (9 damage)
             ... on level 3 of the Dungeon.
             The game lasted 00:17:20 (3426 turns).

Moral the Caller (Merfolk Summoner)                 Turns: 3426, Time: 00:17:21

Health: -7/32      AC:  2    Str:  8    XL:     4   Next: 46%
Magic:  7/8        EV: 13    Int: 16    God:
Gold:   119        SH:  0    Dex: 14    Spells: 7/8 levels left

rFire   . . .        g - +0 spear
rCold   . . .        (no shield)
rNeg    . . .        a - +0 robe
rPois   .            (no helmet)
rElec   .            (no cloak)
rCorr   .            (no gloves)
SInv    .            (no boots)
Will    .....        (no amulet)
Stlth   ++           (no ring)
HPRegen 0.25/turn    (no ring)
MPRegen 0.11/turn

%: no passive effects
@: no status effects
A: (nimble swimmer 2), mertail
a: no special abilities


You were on level 3 of the Dungeon.
You visited 1 branch of the dungeon, and saw 3 of its levels.

You collected 119 gold pieces.

Inventory:

Hand Weapons
 g - a +0 spear (weapon)
Armour
 a - a +0 robe (worn)
Jewellery
 o - an amulet of reflection
Scrolls
 c - 2 scrolls of identify {unknown}
 f - a scroll of butterflies {unknown}
 h - a scroll of amnesia {unknown}
 j - a scroll of teleportation {unknown}
 k - a scroll of poison {unknown}
 l - a scroll of revelation {unknown}
 m - a scroll of vulnerability {unknown}
Potions
 b - a potion of magic
 d - a potion of might {unknown}
 e - a potion of brilliance {unknown}
 i - a potion of curing {unknown}
 n - a potion of heal wounds {unknown}


   Skills:
 + Level 1.1 Fighting
 + Level 3.8 Dodging
 + Level 2.6 Stealth
 * Level 2.8 Spellcasting
 * Level 4.4 Summonings


You had 7 spell levels left.
You knew the following spells:

 Your Spells              Type           Power      Damage    Failure   Level
a - Summon Small Mammal   Summ           64%        N/A       3%          1

Your spell library contained the following spells:

 Spells                   Type           Power      Damage    Failure   Level
 Call Imp                 Summ           32%        N/A       4%          2
 Call Canine Familiar     Summ           16%        N/A       9%          3
 Summon Guardian Golem    Hex/Summ       9%         N/A       22%         3
 Summon Lightning Spire   Summ/Air       9%         N/A       58%         4


Dungeon Overview and Level Annotations

Branches:
Dungeon (3/15)

Altars:

Shops:
D:2 *


Innate Abilities, Weirdness & Mutations

((You are very nimble when in or above water. (Stealth+, EV+, Speed+++)))
Your lower body shifts to a powerful aquatic tail in water.


Message History

The orc is moderately wounded.
The orc closely misses you. The orc hits you with a +0 falchion.
Your quokka bites the orc.
You closely miss the orc.
The orc is moderately wounded.
Your quokka bites the orc but does no damage.
The orc barely misses you. The orc closely misses you.
Your quokka misses the orc. You hit the orc but do no damage.
The orc is moderately wounded.
The orc hits you with a +0 flail. The orc closely misses you.
Your quokka bites the orc.
The orc closely misses you. The orc hits you with a +0 falchion.
You hit the orc.
The orc is severely wounded.
Your quokka barely misses the orc.
The orc completely misses you. The orc closely misses you.
You hit the orc but do no damage.
The orc is almost dead.
Your quokka bites the orc but does no damage.
The orc barely misses you.
The orc hits your quokka with a +0 flail.
Your quokka dies!
Your quokka's corpse disappears in a puff of smoke!
You hit the orc but do no damage.
The orc is almost dead.
Your bat hits the orc but does no damage. x2
The orc hits you with a +0 falchion. The orc barely misses your bat.
You hit the orc but do no damage.
The orc is almost dead.
Your bat hits the orc but does no damage. x2
The orc closely misses you. The orc barely misses you.
You hit the orc but do no damage.
The orc is almost dead.
Your bat barely misses the orc.
The orc hits you with a +0 falchion.
* * * LOW HITPOINT WARNING * * *
The orc hits you with a +0 flail!
* * * LOW HITPOINT WARNING * * *
Your bat closely misses the orc.
The orc hits you with a +0 flail!
You die...

####### ....>..
..).. #..##
##.))#######
#...o@.....########
##.bo#####........#
##.## #..#####.# #.
#..# .. #..### ##+#
#....# ##...##
##.#.# #.##.....##
#.#.# #.#.......##
#.#.###.#


You could see 2 orcs and a friendly bat (summoned).

Vanquished Creatures
  A worm (D:3)
  2 dart slugs
  An orc (D:3)
  A jackal (D:2)
  2 quokkas (D:2)
  A ball python (D:3)
  3 bats
  A frilled lizard (D:3)
  6 kobolds
  2 rats (D:2)
20 creatures vanquished.

Vanquished Creatures (collateral kills)
  A gnoll (D:1)
  An adder (D:2)
  A dart slug (D:1)
  2 worms (D:2)
  2 orcs (D:3)
  2 bats
  2 endoplasms (D:1)
  2 giant cockroaches
  5 goblins
  3 hobgoblins
  A jackal (D:2)
  4 ball pythons
  A frilled lizard (D:2)
  2 rats
29 creatures vanquished.

Grand Total: 49 creatures vanquished

Notes
Turn   | Place    | Note
-------+----------+-------------------------------------------
     0 | D:1      | Moral the Merfolk Summoner began the quest for the Orb.
     0 | D:1      | Reached XP level 1. HP: 13/13 MP: 3/3
   609 | D:1      | Reached XP level 2. HP: 19/19 MP: 0/5
  1026 | D:1      | Reached XP level 3. HP: 25/25 MP: 6/6
  1810 | D:2      | Found a faded altar of an unknown god.
  2201 | D:2      | Reached skill level 1 in Fighting
  2345 | D:2      | Reached XP level 4. HP: 31/32 MP: 5/7
  2588 | D:2      | Found Yziob's Assorted Antiques.
  3425 | D:3      | HP: 1/32 [orc/+0 flail (8)]
  3426 | D:3      | Mangled by an orc

Illustrated notes

Levels and vault maps discovered:
D:1:      dpeg_arrival_pits, layout_loops_corners
D:2:      layout_loops_corners, shapermc_ecumenical_altar_notcrosses,
          serial_shops, nicolae_shop_trees
D:3:      layout_loops_corners, old_standard_altar

Skill      XL: |  1  2  3 |
---------------+----------+-----
Dodging        | 3 |  3.8
Fighting       | 1 |  1.1
Stealth        | |  2.6
Spellcasting   | |  2.8
Summonings     | |  4.4

Action                     |  1- 3 |  4- 6 || total
---------------------------+-------+-------++-------
  Melee: Unarmed           |    10 |       ||    10
         Spear             |    58 |    39 ||    97
         Punch             |     1 |     1 ||     2
   Cast: Summon Small Mamm |    62 |    29 ||    91
   Stab: Sleeping          |     3 |     1 ||     4
 Armour: Robe              |    19 |     5 ||    24
  Dodge: Dodged            |    72 |    39 ||   111

Table legend: (Time is in decaauts)
 A = Elapsed time spent in this place.
 B = Non-inter-level travel time spent in this place.
 C = Inter-level travel time spent in this place.
 D = Time resting spent in this place.
 E = Time spent auto-exploring this place.
 F = Levels seen in this place.
 G = Mean time per level.
                   A        B        C        D        E       F      G
               +--------+--------+--------+--------+--------+-----+--------+
         Total |   3428 |   3387 |     41 |    559 |   1972 |   3 | 1142.7 |
       Dungeon |   3428 |   3387 |     41 |    559 |   1972 |   3 | 1142.7 |
               +--------+--------+--------+--------+--------+-----+--------+

Top non-repeatable levels by time:
     D:2: 1516 daAuts
     D:1: 1441 daAuts
     D:3: 471 daAuts
